 Dungeon Crawl Stone Soup version 0.31-a0-851-g7ff8af7976 (webtiles) character file.

Game seed: 9157949719544528680

1269 lunkers the Martial Artist (level 9, -4/34 (67) HPs)
             Began as a Meteoran Shapeshifter on Oct 5, 2023.
             Was a Priest of Makhleb.
             Killed by divine providence
             ... invoked by Jeremiah
              (10 damage)
             ... on level 6 of the Dungeon.
             The game lasted 00:06:57 (2429 turns).

lunkers the Martial Artist (Meteoran Shapeshifter)  Turns: 2429, Time: 00:06:57

HP:   -4/34 (67)    AC:  5    Str: 17    XL:     9   Next: 9%
MP:   10/10         EV: 12    Int: 11    God:    Makhleb [***...]
Gold: 317           SH:  0    Dex: 18    Spells: 8/8 levels left

rFire   . .          .
                       - Unarmed
rCold   . . .        (no shield)
rNeg    . . .        n - +0 ring mail
rPois   .            (helmet currently unavailable)
rElec   .            (cloak currently unavailable)
rCorr   +            (gloves currently unavailable)
SInv    .            (boots currently unavailable)
Will    +....        k - amulet of regeneration
Stlth   +            o - ring of resist corrosion
HPRegen 1.05/turn    (no ring)
MPRegen 0.12/turn

%: no passive effects
@: beast-form, glowing, very heavily drained
A: beast (slay +4), sense surroundings 2, otherworldly, glowing, explore regen
a: Begin Untransformation, Renounce Religion, Minor Destruction, Lesser Servant
of Makhleb


You were on level 6 of the Dungeon.
You worshipped Makhleb.
Makhleb was most pleased with you.
You were a hulking beast.
You visited 1 branch of the dungeon, and saw 6 of its levels.

You collected 317 gold pieces.

Inventory:

Missiles
 y - 3 throwing nets
Armour
 a - a +0 animal skin
 j - a scarf of harm
 n - a +0 ring mail (worn)
 q - a +0 helmet
 C - a +0 cloak
Jewellery
 k - an amulet of regeneration (around neck)
 o - a ring of resist corrosion (left hand)
 D - a +4 ring of protection
Talismans
 c - a beast talisman (active)
 d - a flux talisman
Scrolls
 f - 2 scrolls of noise {unknown}
 g - a scroll of amnesia {unknown}
 i - a scroll of blinking {unknown}
 l - a scroll of enchant weapon {unknown}
 m - 2 scrolls of teleportation {unknown}
 p - 2 scrolls of poison {unknown}
 s - a scroll of silence {unknown}
 t - a scroll of revelation {unknown}
 u - 3 scrolls of identify {unknown}
 v - a scroll of vulnerability {unknown}
 w - a scroll of fear {unknown}
 A - a scroll of fog {unknown}
Potions
 b - a potion of lignification
 e - 3 potions of heal wounds {unknown}
 h - 4 potions of curing {unknown}
 r - 2 potions of mutation {unknown}
 x - 2 potions of resistance {unknown}
 z - a potion of cancellation {unknown}
 B - a potion of invisibility {unknown}


   Skills:
 + Level 2.1 Fighting
 + Level 2.8 Dodging
 * Level 10.1 Unarmed Combat
 + Level 7.2 Shapeshifting


You had 8 spell levels left.
You didn't know any spells.
Your spell library contained the following spells:

 Spells                   Type           Power      Damage    Failure   Level
 Ignite Poison            Fire/Tmut/Pois 0%         N/A       89%         3
 Tukima's Dance           Hex            0%         N/A       89%         3
 Passage of Golubria      Tloc           0%         N/A       100%        4
 Sticky Flame             Conj/Fire      0%         2d3       100%        4
 Yara's Violent Unravell  Hex/Tmut       0%         3d3       100%        5
 Ignition                 Fire           0%         3d3       100%        8


Dungeon Overview and Level Annotations

Branches:
Dungeon (6/15) Zot: 1219
 Temple: D:4-7

Altars:
Gozag
Hepliaklqana
Makhleb
Nemelex Xobeh
Okawaru
Qazlal
Ru

Annotations:
D:6 3 runed translucent doors, Jeremiah; ratmeat3's ghost, novice OpFi


Innate Abilities, Weirdness & Mutations

You are a hulking beast.
Your limbs bulge with bestial killing power. (Slay +4)
You passively map the area around you.
You are easily found by Zot.
You glow in the dark.
You regain HP and MP as you explore.


Message History

The butterfly disappears in a burst of colours! x2
Jeremiah hits you but does no damage.
You feel drained.
You cannot move.
You pummel the butterfly!!
You kill the butterfly!
The butterfly disappears in a burst of colours!
Jeremiah hits you but does no damage.
You feel drained.
You smack the butterfly!
You kill the butterfly!
The butterfly disappears in a burst of colours!
Jeremiah hits you from afar with a +4 trident of draining.
* * * LOW HITPOINT WARNING * * *
You feel drained.
* * * LOW HITPOINT WARNING * * *
You pummel the butterfly!!
You kill the butterfly!
The butterfly disappears in a burst of colours!
Jeremiah hits you from afar with a +4 trident of draining.
* * * LOW HITPOINT WARNING * * *
You feel drained.
* * * LOW HITPOINT WARNING * * *
You hit the butterfly.
You kill the butterfly!
The butterfly disappears in a burst of colours! x2
Jeremiah hits you but does no damage.
You feel drained.
You hit the butterfly.
You kill the butterfly!
The butterfly disappears in a burst of colours!
You feel less wooden.
Your +0 ring mail unmelds from your body.
You turn into a hulking beast.
The butterfly disappears in a burst of colours! x2
Jeremiah zaps a wand.
You resist with almost no effort.
You punch Jeremiah!
Jeremiah is almost dead.
The butterfly disappears in a burst of colours!
Jeremiah mumbles a slurred invocation.
Something smites you!
You die...
Jeremiah asks, "What happened?
Did... did you die?"

##### ##...####
........# ##########
##)..##.# #.....b..#
#...##.# #...bFb..#
#...##.# #...bbh..#
######.# #b.......# *
######.###...bbb.b# ,
, #........##...bbb..#
* ..###....##...b....#
..###....####b##.###
*,* ,
#...........#.##.###
** , *,
..####..............,
..,
#..##.....#.#.##.....,
..


You could see Jeremiah.

Vanquished Creatures
  Sigmund (D:6)
  A black bear (D:6)
  An ogre (D:6)
  A centaur (D:5)
  A phantom (D:5)
  A kobold brigand (D:6)
  2 scorpions
  2 jellies
  2 hounds (D:4)
  Crazy Yiuf (D:6)
  A gnoll bouda (D:6)
  An iguana (D:6)
  3 sleepcaps
  Terence (D:3)
  3 orc wizards (D:6)
  8 gnolls (D:6)
  5 adders
  2 shadow imps
  2 ufetubi
  2 worms (D:2)
  8 orcs
  4 ball pythons
  4 endoplasms
  5 giant cockroaches
  9 goblins
  10 hobgoblins
  2 jackals (D:3)
  8 kobolds
  3 quokkas
  A bat (D:1)
  2 frilled lizards (D:3)
  2 rats
99 creatures vanquished.

Notes
Turn   | Place    | Note
-------+----------+-------------------------------------------
     0 | D:1      | lunkers the Meteoran Shapeshifter began the quest for the
                  | Orb.
     0 | D:1      | Reached XP level 1. HP: 16/16 MP: 2/2
   130 | D:1      | Reached skill level 4 in Unarmed Combat
   130 | D:1      | Reached XP level 2. HP: 23/23 MP: 3/3
   189 | D:1      | Found a faded altar of an unknown god.
   201 | D:1      | Prayed at the altar of an unknown god.
   201 | D:1      | Became a worshipper of Makhleb the Destroyer
   201 | D:1      | Reached * piety under Makhleb
   374 | D:2      | Reached XP level 3. HP: 25/28 MP: 4/4
   517 | D:2      | Found a stormy altar of Qazlal.
   559 | D:2      | Reached XP level 4. HP: 26/35 MP: 5/5
   575 | D:2      | Reached skill level 5 in Unarmed Combat
   844 | D:3      | Found a sparkling altar of Nemelex Xobeh.
   901 | D:3      | Noticed Terence
   920 | D:3      | Killed Terence
   921 | D:3      | Reached XP level 5. HP: 33/40 MP: 6/6
  1064 | D:3      | Found an iron altar of Okawaru.
  1068 | D:3      | Reached ** piety under Makhleb
  1108 | D:4      | Reached skill level 6 in Unarmed Combat
  1132 | D:4      | Found an opulent altar of Gozag.
  1145 | D:4      | Reached XP level 6. HP: 47/47 MP: 7/7
  1160 | D:4      | Found a stormy altar of Qazlal.
  1170 | D:4      | Reached skill level 5 in Shapeshifting
  1194 | D:4      | Found a hazy altar of Hepliaklqana.
  1400 | D:4      | Reached skill level 7 in Unarmed Combat
  1472 | D:5      | Entered Level 5 of the Dungeon
  1559 | D:5      | Reached XP level 7. HP: 46/52 MP: 8/8
  1850 | D:5      | Reached skill level 8 in Unarmed Combat
  1963 | D:6      | Noticed Sigmund
  1967 | D:6      | Reached XP level 8. HP: 59/59 MP: 9/9
  1977 | D:6      | Killed Sigmund
  1978 | D:6      | Reached skill level 9 in Unarmed Combat
  1986 | D:6      | Found a runed translucent gate.
  1993 | D:6      | Found a runed translucent gate.
  1993 | D:6      | Noticed ratmeat3's ghost (novice OpFi)
  2003 | D:6      | Found a runed translucent gate.
  2126 | D:6      | Found a sacrificial altar of Ru.
  2179 | D:6      | Found a runed translucent door.
  2180 | D:6      | Noticed Crazy Yiuf
  2230 | D:6      | Killed Crazy Yiuf
  2288 | D:6      | Reached skill level 10 in Unarmed Combat
  2296 | D:6      | Gained mutation: You passively map the area around you.
                  | [Meteoran growth]
  2296 | D:6      | Reached XP level 9. HP: 45/67 MP: 10/10
  2319 | D:6      | Reached *** piety under Makhleb
  2349 | D:6      | Identified the +0 robe "Etziel" {+Blink rPois rF+ Dex+2
                  | SInv}
  2384 | D:6      | Noticed Jeremiah
  2429 | D:6      | Killed from afar by Jeremiah

Illustrated notes

Levels and vault maps discovered:
D:1:      sevenhm_arrival_forest_fort_small_6, layout_basic,
          shapermc_ecumenical_altar_gd
D:2:      cheibrodos_greedy_goblins, layout_basic, basic_altar
D:3:      layout_basic, lemuel_crystal_altar, trog_butcher_becter,
          nemelex_xobeh_ov_fountains_minmay, uniq_terence
D:4:      layout_cave_pools, mainiacjoe_overflow_concentric_impassable,
          mainiacjoe_overflow_large_starburst, ebering_ghost_disaster_area,
          minivault_14
D:5:      layout_basic, minmay_misc_feat_tower, minmay_liquid_box
D:6:      layout_basic, nicolae_ru_great_annihilating_truth,
          gammafunk_ghost_nasty_kobolds, serial_shops, shop_statue,
          eino_tiny_chamber, chequers_jeans, uniq_jeremiah, uniq_sigmund,
          uniq_crazy_yiuf_cottage

Skill      XL: |  1  2  3  4  5  6  7  8  9 |
---------------+----------------------------+-----
Unarmed Combat | 4 5 6 7 8 10 | 10.1
Shapeshifting  | 4 5 6 7 |  7.2
Fighting       | 2 |  2.1
Dodging        | |  2.8

Action                     |  1- 3 |  4- 6 |  7- 9 || total
---------------------------+-------+-------+-------++-------
  Melee: Unarmed           |    76 |   132 |   165 ||   373
         Punch             |     1 |     3 |     7 ||    11
    Use: Potion            |       |       |     1 ||     1
   Stab: Paralysed         |       |       |     1 ||     1
 Armour: Animal skin       |    33 |    14 |       ||    47
         Ring mail         |       |    66 |    92 ||   158
         Skin              |       |       |    22 ||    22
  Dodge: Dodged            |    34 |    74 |    60 ||   168

Table legend: (Time is in decaauts)
 A = Elapsed time spent in this place.
 B = Non-inter-level travel time spent in this place.
 C = Inter-level travel time spent in this place.
 D = Time resting spent in this place.
 E = Time spent auto-exploring this place.
 F = Levels seen in this place.
 G = Mean time per level.
                   A        B        C        D        E       F      G
               +--------+--------+--------+--------+--------+-----+--------+
         Total |   2380 |   2252 |    128 |      0 |   1503 |   6 |  396.7 |
       Dungeon |   2380 |   2252 |    128 |      0 |   1503 |   6 |  396.7 |
               +--------+--------+--------+--------+--------+-----+--------+

Top non-repeatable levels by time:
     D:6: 506 daAuts
     D:3: 461 daAuts
     D:5: 420 daAuts
     D:4: 383 daAuts
     D:1: 322 daAuts
     D:2: 286 daAuts
